Description

NightMare vs GuMiho - Game 2 GSL 2017 Season 1

Please bear in mind that supply after the pylon at 43 is estimated as I am not a good player and the situation in the game this was taken from warranted some defence and lost probes. The supply is estimated on no defence so please don't follow this blindly or you will probably die xD

VOD

https://www.twitch.tv/gsl/v/112743110?t=2h35m0s

Build Order

Get SALT Encoding   

  14  0:20  Pylon  ASAP Replay not out yet so cannot tell exactly when
  16  0:37  Gateway  When pylon finishes
  17  0:48  Assimilator  Again not shown on cast so time is an estimate
  19  1:21  Nexus  
  19  1:29  Cybernetics Core  When Gateway finishes
  20  1:38  Assimilator  
  21  1:50  Pylon  
  22  2:08  Mothership Core, Adept  
  26  2:14  Warp Gate  
  28  2:41  Robotics Facility  
  32  2:55  Twilight Council  
  35  3:11  Pylon, Gateway x2  
  37  3:24  Dark Shrine  
  39  3:36  Warp Prism  
  42  3:44  Assimilator  
  43  3:51  Pylon x2, Assimilator  
  48  4:50  Dark Templar x3  
  54  4:56  Pylon  
  54  5:08  Shadow Stride (Chrono Boost)  
  54  5:18  Warp Prism  Spare in case first dies
  56  5:20  Charge (Chrono Boost)  
  56  5:35  Gateway x5  
Spawning Tool Build Advisor. Get it on Overwolf

Analysis

Warp in early according to the situation. 3 stalkers plus the earlier adept should be enough to hold most small drops.

When DT Shrine finishes warp in 3 DTs to harass with Try to draw out scans so that when the main attack comes the enemy orbitals are low on energy.

Warp in 8 DTs and as many zealots as possible after the 5x gateways so that when Shadow Strike and Charge have finished you can push with the army.

Engaging: Charge at the terran force then blink the DTs onto the back of the army. Aim for the tank if possible.

Go to:

Details

  • Created by: Yellbana
  • Published on: Jan 07, 2017
  • Modified on: Jun 14, 2017
  • Patch: Pre-3.8.0
Show
View Real Time Build Order
Export as new Build Order

Comments (3)

On March 7, 2018, 12:06 a.m., PashkaTLT  said:

Thank you, Yellbana.
I was tired of losing to battlecruisers, so decided to try this one. After a few games with AI I was able to win a stronger terran on ladder . Looks promising.

On Jan. 8, 2017, 6:06 a.m., ANTI  said:

Beat me to making this haha!

On Jan. 7, 2017, 12:27 p.m., Yellbana  said:

I am not very good but wanted this build up here. If you have any additions please comment and I will add them!

Create an account to comment!